 Dungeon Crawl Stone Soup version 0.31.0-11-ge490571c62 (webtiles) character file.

Game seed: 334844032365859258

79 browni3141 the Shield-Bearer (level 4, -2/40 HPs)
             Began as a Minotaur Fighter on Jan 28, 2024.
             Slain by an orc
             ... wielding a +1 flail of protection
              (5 damage)
             ... on level 3 of the Dungeon.
             The game lasted 00:00:29 (1221 turns).

browni3141 the Shield-Bearer (Minotaur Fighter)     Turns: 1221, Time: 00:00:30

Health: -2/40      AC:  7    Str: 22    XL:     4   Next: 17%
Magic:  3/3        EV:  9    Int:  5    God:
Gold:   51         SH:  4    Dex: 10    Spells: 3/3 levels left

rFire   . . .        a - +0 war axe
rCold   . . .        c - +0 buckler
rNeg    . . .        b - +0 scale mail
rPois   .            (helmet restricted)
rElec   .            (no cloak)
rCorr   .            (no gloves)
SInv    .            (no boots)
Will    .....        (no amulet) Stlth
                     (no ring)
HPRegen 0.26/turn    (no ring)
MPRegen 0.08/turn

%: no passive effects
@: no status effects
A: horns 2, retaliatory headbutt
a: no special abilities


You were on level 3 of the Dungeon.
You visited 1 branch of the dungeon, and saw 3 of its levels.

You collected 51 gold pieces.

Inventory:

Hand Weapons
 a - a +0 war axe (weapon)
Armour
 b - a +0 scale mail (worn)
 c - a +0 buckler (worn)
Jewellery
 k - a ring of ice
Scrolls
 e - a scroll of fog {unknown}
 g - 2 scrolls of identify {unknown}
 h - a scroll of amnesia {unknown}
 i - a scroll of brand weapon {unknown}
 l - a scroll of butterflies {unknown}
 m - a scroll of teleportation {unknown}
Potions
 d - a potion of might
 f - a potion of brilliance {unknown}
 j - a potion of haste {unknown}
 n - a potion of attraction {unknown}


   Skills:
 + Level 4.1 Fighting
 * Level 4.0 Axes
 + Level 4.2 Armour
 + Level 4.2 Shields


You had 3 spell levels left.
You didn't know any spells.
Your spell library contained the following spells:

 Spells                   Type           Power      Damage    Failure   Level
 Cigotuvi's Dreadful Rot  Necr/Alch/Air  0%         N/A       94%         2
 Dispel Undead            Necr           0%         3d6       100%        4
 Martyr's Knell           Necr/Summ      0%         N/A       100%        4
 Death Channel            Necr           0%         N/A       100%        6


Dungeon Overview and Level Annotations

Branches:
Dungeon (3/15)

Altars:
Fedhas


Innate Abilities, Weirdness & Mutations

You have a pair of horns on your head.
You reflexively headbutt those who attack you in melee.


Message History

There are monsters nearby!
You block the endoplasm's attack.
You hit the endoplasm.
You kill the endoplasm!
There are monsters nearby!
There are monsters nearby!
There are monsters nearby!
You closely miss the hobgoblin. You headbutt the hobgoblin.
The hobgoblin is severely wounded.
You block the hobgoblin's attack.
The hobgoblin hits you but does no damage.
You slash the hobgoblin!
You kill the hobgoblin!
A goblin is nearby!
You closely miss the goblin. The goblin hits you but does no damage.
The goblin hits you with a +0 dagger.
You closely miss the goblin. You headbutt the goblin.
The goblin is moderately wounded.
The goblin hits you with a +0 dagger.
A goblin is nearby!
You closely miss the goblin. You headbutt the goblin.
You kill the goblin!
HP restored.
You see here a +0 vampiric short sword.
m - a scroll labelled RAPIZO HUUDUIX No target in view!
A frilled lizard comes into view.
A frilled lizard is nearby!
A ball python comes into view.
The ball python hisses angrily.
There are monsters nearby!
You completely miss the frilled lizard.
Your headbutt misses the frilled lizard.
The frilled lizard bites you but does no damage. x2
There are monsters nearby!
You slash the frilled lizard!
You kill the frilled lizard!
The ball python bites you but does no damage.
The ball python grabs you. The ball python constricts you.
A ball python is nearby!
You closely miss the ball python. You headbutt the ball python.
You kill the ball python!
No target in view!
You now have 51 gold pieces (gained 5).
Found a stone staircase leading down.
No target in view!
A frilled lizard comes into view.
A frilled lizard is nearby!
A frilled lizard is nearby!
You barely miss the frilled lizard. The frilled lizard bites you.
The frilled lizard barely misses you.
A frilled lizard is nearby!
You closely miss the frilled lizard. You headbutt the frilled lizard.
You kill the frilled lizard!
No target in view!
There is a stone staircase leading down here.
Key pressed, stopping explore.
Key pressed, stopping explore.
No target in view!
n - an emerald potion No target in view!
An orc priest comes into view. It is wielding a +0 flail.
The orc priest shouts!
The orc priest mumbles some strange prayers to Beogh against you.
Beogh smites you!
Ouch! That really hurt!
An orc and an orc wizard come into view.
The orc is wielding a +1 flail of protection.
The orc shouts!
The orc wizard shouts!
There are monsters nearby!
The orc throws a boomerang.
The boomerang hits you but does no damage.
There are monsters nearby!
The orc wizard casts a spell at you. The magic dart hits you.
The orc priest looks braver for a moment.
There are monsters nearby!
The orc wizard points at you and mumbles some strange words.
The magic dart hits you but does no damage.
Found a blossoming altar of Fedhas.
The orc wizard hits you but does no damage.
You slash the orc wizard!
The orc wizard is severely wounded.
You closely miss the orc.
The orc hits you with a +1 flail of protection.
You closely miss the orc wizard. You headbutt the orc wizard.
You kill the orc wizard!
You hit the orc but do no damage.
You hit the orc priest but do no damage.
The orc priest hits you with a +0 flail.
The orc hits you with a +1 flail of protection.
The orc priest hits you with a +0 flail.
The orc closely misses you.
Your Axes skill increases to level 4!
You have reached level 4!
You feel agile.
You hit the orc priest but do no damage.
Your headbutt misses the orc priest. You hit the orc but do no damage.
The orc hits you with a +1 flail of protection.
You die...

#. #..........##.#
#..........##..##
#..........# ...#######
#..........# #........
#..........# #^..#####
#..........# #...###
......o)...# #.#...#
......o@...# #.###.#
≈.≈≈≈≈≈≈...######.# #.##
....[..≈..........###.##
.♣♣♣.♣.≈..#######....>..
...♣.≈..# #.###### ♣._
♣.≈..#######.# ♣.
♣.≈..........# ♣.
♣.≈.#.######.# ....≈.#.#
#.#


You could see an orc priest and an orc.

Vanquished Creatures
  An orc wizard (D:3)
  2 adders (D:2)
  A dart slug (D:2)
  A ribbon worm (D:3)
  An orc (D:2)
  2 endoplasms
  A giant cockroach (D:2)
  5 goblins
  3 hobgoblins
  3 jackals (D:3)
  4 ball pythons
  A bat (D:3)
  3 frilled lizards
  A kobold (D:2)
  2 rats
31 creatures vanquished.

Notes
Turn   | Place    | Note
-------+----------+-------------------------------------------
     0 | D:1      | browni3141 the Minotaur Fighter began the quest for the
                  | Orb.
     0 | D:1      | Reached XP level 1. HP: 19/19 MP: 0/0
   221 | D:1      | You fall into a shaft and drop 1 floor!
   274 | D:2      | Found a faded altar of an unknown god.
   281 | D:2      | Reached XP level 2. HP: 26/27 MP: 1/1
   403 | D:2      | Reached XP level 3. HP: 30/33 MP: 2/2
  1218 | D:3      | Found a blossoming altar of Fedhas.
  1221 | D:3      | Reached XP level 4. HP: 3/40 MP: 3/3
  1221 | D:3      | Slain by an orc

Illustrated notes

Levels and vault maps discovered:
D:1:      tarquinn_simple_flora_water_c, layout_loops_corners,
          patterned_corridor
D:2:      layout_basic, ebering_ecumenical_altar_webs, roderic_st_hans_cross,
          minivault_26
D:3:      layout_basic, mainiacjoe_overflow_brackets

Skill      XL: |  1  2  3 |
---------------+----------+-----
Axes           | 3 4 |  4.0
Shields        | 4 |  4.2
Fighting       | 4 |  4.1
Armour         | 4 |  4.2

Action                     |  1- 3 |  4- 6 || total
---------------------------+-------+-------++-------
  Melee: War axe           |    72 |     1 ||    73
         Headbutt          |    10 |       ||    10
 Armour: Scale mail        |    64 |     1 ||    65
  Dodge: Dodged            |    36 |       ||    36
  Block: Buckler           |    20 |       ||    20
